 Dungeon Crawl Stone Soup version 0.32-a0-799-g95e1662365 (webtiles) character file.

Game seed: 8415762616162529929

330 Orlauf the Trooper (level 6, 0/51 HPs)
             Began as a Demonspawn Gladiator on Mar 21, 2024.
             Constricted to death by Ijyb (3 damage)
             ... on level 4 of the Dungeon.
             The game lasted 00:03:47 (2718 turns).

Orlauf the Trooper (Demonspawn Gladiator)           Turns: 2718, Time: 00:03:49

Health: 0/51       AC: 12    Str: 17      XL:     6   Next: 26%
Magic:  6/6        EV:  0    Int:  8      God:
Gold:   186        SH:  0    Dex: 13 (14) Spells: 5/5 levels left

rFire   . . .        a - +0 war axe
rCold   . . .        (no shield)
rNeg    . . .        h - +0 scale mail
rPois   .            c - +0 helmet
rElec   .            r - +1 cloak
rCorr   +            j - +0 pair of gloves
SInv    .            (no boots)
Will    .....        (no amulet) Stlth
                     q - ring of resist corrosion
HPRegen 0.28/turn    (no ring)
MPRegen 0.10/turn

%: no passive effects
@: lethally poisoned (0 -> -6), grasped by roots, hasted, constricted, very
quick
A: slimy green scales 1, ignite blood 1, demonic magic 1
a: no special abilities


You were on level 4 of the Dungeon.
You visited 1 branch of the dungeon, and saw 4 of its levels.

You collected 186 gold pieces.

Inventory:

Hand Weapons
 a - a +0 war axe (weapon)
Missiles
 d - 4 throwing nets (quivered)
 e - a javelin
Armour
 c - a +0 helmet (worn)
 h - a +0 scale mail (worn)
 j - a +0 pair of gloves (worn)
 r - a +1 cloak (worn)
Jewellery
 g - an amulet of faith
 p - a +6 ring of intelligence
 q - a ring of resist corrosion (left hand)
Scrolls
 k - 3 scrolls of fear
 m - 2 scrolls of blinking
 n - 2 scrolls of revelation
 s - 2 scrolls of identify
 t - a scroll of poison
 u - a scroll of teleportation
 v - a scroll of brand weapon {unknown}
 w - a scroll of vulnerability
Potions
 b - a potion of haste
 f - 2 potions of attraction {unknown}
 i - 4 potions of curing
 l - a potion of lignification
 o - 2 potions of heal wounds {unknown}


   Skills:
 + Level 5.5 Fighting
 * Level 4.3 Axes
 - Level 1.7 Throwing
 - Level 2.6 Dodging


You had 5 spell levels left.
You didn't know any spells.
Your spell library contained the following spells:

 Spells                   Type           Power      Damage    Failure   Level
 Leda's Liquefaction      Alch/Erth      0%         N/A       100%        4
 Petrify                  Alch/Erth      0%         N/A       100%        4
 Metabolic Englaciation   Hex/Ice        0%         N/A       100%        5


Dungeon Overview and Level Annotations

Branches:
Dungeon (4/15)
 Temple: D:4-7

Altars:

Annotations:
D:4 Eustachio, Ijyb


Innate Abilities, Weirdness & Mutations

You are partially covered in slimy green scales. (AC +2)
Your demonic aura sometimes causes spilled blood to erupt in flames.
Spells you cast may paralyse adjacent enemies.


Message History

The shadow imp hits you but does no damage.
The quasit bites you but does no damage.
The quasit barely misses you. x2
You feel better. The bat barely misses you.
Ijyb zaps a wand.
The roots erupt in riotous growth!
The grasping roots grab you!
Ijyb is unaffected.
The shadow imp is unaffected.
The quasit is unaffected.
The shadow imp is unaffected.
The grasping roots constrict you.
* * * LOW HITPOINT WARNING * * *
The shadow imp hits you.
* * * LOW HITPOINT WARNING * * *
The shadow imp hits you but does no damage.
The quasit bites you but does no damage.
The quasit claws you but does no damage. x2
You barely miss Ijyb.
Ijyb is lightly wounded.
You closely miss the shadow imp. You barely miss the quasit.
You hit the shadow imp. The bat hits you but does no damage.
Ijyb hits you with a +2 dagger of venom.
* * * LOW HITPOINT WARNING * * *
The grasping roots constrict you.
* * * LOW HITPOINT WARNING * * *
The quasit bites you but does no damage.
The quasit claws you but does no damage. x2
The shadow imp hits you.
* * * LOW HITPOINT WARNING * * *
You slash Ijyb!
Ijyb is heavily wounded.
You closely miss the shadow imp. You hit the shadow imp.
You hit the quasit but do no damage.
The shadow imp hits you but does no damage.
The bat hits you but does no damage. The quasit bites you.
* * * LOW HITPOINT WARNING * * *
The quasit completely misses you. The quasit claws you.
* * * LOW HITPOINT WARNING * * *
Ijyb hits you but does no damage.
You are lethally poisoned!
The grasping roots constrict you.
You die...
Ijyb moans, "Good help so hard to find!"

##### ##...#
#....#######
###########..........#
#............##....?.#
................55?..#
................@g@..#
...............b☼5...#
........................
....................####
.....................# ≈
.........#####.......#
........... ......#.#
.........###.....#.#.#
<...#................


You could see Eustachio, Ijyb, a quasit (summoned), 2 shadow imps and a bat
(summoned).

Vanquished Creatures
  A kobold brigand (D:4)
  A bombardier beetle (D:3)
  Crazy Yiuf (D:2)
  An orc wizard (D:3)
  4 adders
  4 gnolls (D:4)
  2 dart slugs
  8 orcs
  10 endoplasms
  9 goblins
  7 hobgoblins
  2 jackals (D:3)
  12 kobolds
  3 quokkas (D:2)
  5 ball pythons
  3 bats
  2 frilled lizards
  8 rats
83 creatures vanquished.

Notes
Turn   | Place    | Note
-------+----------+-------------------------------------------
     0 | D:1      | Orlauf the Demonspawn Gladiator began the quest for the
                  | Orb.
     0 | D:1      | Reached XP level 1. HP: 16/16 MP: 1/1
   128 | D:1      | Gained mutation: You are partially covered in slimy green
                  | scales. (AC +2) [demonic ancestry]
   128 | D:1      | Reached XP level 2. HP: 22/23 MP: 2/2
   719 | D:2      | Reached skill level 3 in Fighting
   721 | D:2      | Gained mutation: Your demonic aura sometimes causes spilled
                  | blood to erupt in flames. [demonic ancestry]
   721 | D:2      | Reached XP level 3. HP: 29/29 MP: 3/3
   800 | D:2      | Found a faded altar of an unknown god.
  1303 | D:2      | Gained mutation: Spells you cast may paralyse adjacent
                  | enemies. [demonic ancestry]
  1303 | D:2      | Reached XP level 4. HP: 35/37 MP: 4/4
  1503 | D:2      | Found a runed translucent door.
  1504 | D:2      | Noticed Crazy Yiuf
  1510 | D:2      | Killed Crazy Yiuf
  1511 | D:2      | Reached skill level 4 in Fighting
  1582 | D:3      | Reached XP level 5. HP: 30/43 MP: 5/5
  1916 | D:3      | Identified the +0 spear "Mutzuguh" {venom, Int+7 Stlth-}
  2274 | D:4      | Reached skill level 5 in Fighting
  2537 | D:4      | Reached XP level 6. HP: 41/51 MP: 6/6
  2700 | D:4      | Noticed Ijyb
  2703 | D:4      | Noticed Eustachio
  2718 | D:4      | Constricted to death by Ijyb

Illustrated notes

Levels and vault maps discovered:
D:1:      dpeg_arrival_simpleton_c, layout_loops_cross, minmay_bisected
D:2:      minmay_inner_zag, layout_basic, ebering_ecumenical_altar_abandoned,
          uniq_crazy_yiuf_cottage
D:3:      layout_rooms, minmay_crystal_room, minivault_23
D:4:      corexii_shantytown, layout_basic, minmay_temple_entry_poolview,
          kennysheep_minor_cross, uniq_eustachio, uniq_ijyb, uniq_natasha

Skill      XL: |  1  2  3  4  5 |
---------------+----------------+-----
Axes           | 3 4 |  4.3
Fighting       | 3 4 5 |  5.5
Throwing       | |  1.7
Dodging        | |  2.6

Action                     |  1- 3 |  4- 6 || total
---------------------------+-------+-------++-------
  Melee: War axe           |   100 |   136 ||   236
  Throw: Throwing net      |       |     1 ||     1
    Use: Scroll            |     8 |     4 ||    12
         Potion            |       |     3 ||     3
 Armour: Scale mail        |    78 |   169 ||   247
  Dodge: Dodged            |    55 |    82 ||   137

Table legend: (Time is in decaauts)
 A = Elapsed time spent in this place.
 B = Non-inter-level travel time spent in this place.
 C = Inter-level travel time spent in this place.
 D = Time resting spent in this place.
 E = Time spent auto-exploring this place.
 F = Levels seen in this place.
 G = Mean time per level.
                   A        B        C        D        E       F      G
               +--------+--------+--------+--------+--------+-----+--------+
         Total |   2789 |   2673 |    116 |    104 |   1992 |   4 |  697.2 |
       Dungeon |   2789 |   2673 |    116 |    104 |   1992 |   4 |  697.2 |
               +--------+--------+--------+--------+--------+-----+--------+

Top non-repeatable levels by time:
     D:2: 879 daAuts
     D:1: 729 daAuts
     D:4: 597 daAuts
     D:3: 583 daAuts
